 Dungeon Crawl Stone Soup version 0.27-a0-40-g5f2be0e231 (webtiles) character file.

Game seed: 8699252510981220828

130768 Borgoz the Warrior (level 17, -3/115 HPs)
             Began as a Gargoyle Gladiator on Jan 5, 2021.
             Was the Champion of the Shining One.
             Slain by a tyrant leech (21 damage)
             ... called by a spriggan druid
             ... on level 3 of the Swamp.
             The game lasted 00:38:51 (24630 turns).

Borgoz the Warrior (Gargoyle Gladiator)            Turns: 24630, Time: 00:38:52

Health: -3/115     AC: 43    Str: 21    XL:     17   Next: 8%
Magic:  20/20      EV: 23    Int: 10    God:    the Shining One [******]
Gold:   1670       SH:  5    Dex: 20    Spells: 14/16 levels left

rFire    + . .     SeeInvis .   p - +2 great mace (protect)
rCold    . . .     Faith    .   (shield currently unavailable)
rNeg     + + +     Spirit   .   B - +2 troll leather armour
rPois    ∞         Reflect  +   c - +0 helmet
rElec    +         Harm     .   a - +2 cloak
rCorr    .         Rampage  +   H - +2 pair of gloves {archery}
Will     +....                  K - +0 pair of boots {rampage}
Stlth    +.........             y - amulet of Zeubealo {Reflect rF+ SH+5}
HPRegen  0.69/turn              w - +4 ring of protection
MPRegen  0.17/turn              A - +6 ring of dexterity

@: protection aura, flying, glowing
A: big wings, negative energy resistance 1, electricity resistance, unbreathing,
petrification resistance, miasma immunity, AC +12
a: Stop Flying, Renounce Religion, Divine Shield, Cleansing Flame, Summon Divine
Warrior, Brand Weapon With Holy Wrath


You were on level 3 of the Swamp.
You worshipped the Shining One.
The Shining One was exalted by your worship.
You visited 4 branches of the dungeon, and saw 25 of its levels.
You also visited: Gauntlet.

You collected 2091 gold pieces.
You spent 421 gold pieces at shops.

Inventory:

Hand Weapons
 p - a +2 great mace of protection (weapon)
Missiles
 d - 6 throwing nets (quivered)
Armour
 a - a +2 cloak (worn)
 b - the +7 chain mail "Saor Nomae" {*Slow rF+++ SInv}
   (You bought it in a shop on level 13 of the Dungeon)

   It renders you almost immune to fire.
   It lets you see invisible.
   It may slow you when you take damage.
 c - a +0 helmet (worn)
 B - a +2 troll leather armour (worn)
 H - a +2 pair of gloves of archery (worn)
 K - a +0 pair of boots of rampaging (worn)
 R - a +0 kite shield of reflection
Jewellery
 w - a +4 ring of protection (left hand)
 y - the amulet of Zeubealo (around neck) {Reflect rF+ SH+5}
   (You acquired it on level 1 of the Lair of Beasts)

   [amulet of reflection]

   It shields you and reflects attacks.
   It protects you from fire.
   It affects your SH (+5).
 A - a +6 ring of dexterity (right hand)
 M - a +4 ring of evasion
 P - an uncursed amulet of guardian spirit
Wands
 j - a wand of polymorph (16)
 s - a wand of paralysis (18)
 C - a wand of acid (12)
 F - a wand of flame (54)
 I - a wand of disintegration (30)
 L - a wand of digging (15)
 Q - a wand of iceblast (24)
Scrolls
 i - 6 scrolls of fear {unknown}
 k - 14 scrolls of remove curse
 m - 2 scrolls of silence
 n - 7 scrolls of amnesia
 o - 8 scrolls of magic mapping
 q - 5 scrolls of enchant weapon
 t - a scroll of identify
 x - 5 scrolls of fog
 z - 13 scrolls of teleportation
 D - 5 scrolls of blinking {unknown}
 E - a scroll of summoning {unknown}
 G - 2 scrolls of random uselessness {unknown}
 J - 3 scrolls of holy word {unknown}
Potions
 e - 4 potions of curing
 f - 8 potions of haste
 g - 2 potions of ambrosia
 h - 3 potions of mutation
 l - 6 potions of might
 r - 6 potions of heal wounds
 u - 2 potions of resistance
 v - 2 potions of cancellation
 N - a potion of berserk rage
 O - 2 potions of brilliance


   Skills:
 + Level 15.9 Fighting
 + Level 14.9 Maces & Flails
 - Level 6.0 Throwing
 + Level 14.6 Armour
 + Level 12.8 Dodging
 - Level 5.0 Invocations


You had 14 spell levels left.
You knew the following spells:

 Your Spells              Type           Power        Failure   Level
a - Blink                 Tloc           N/A          54%         2

Your spell library contained the following spells:

 Spells                   Type           Power        Failure   Level
 Corona                   Hex            0%           38%         1
 Foxfire                  Conj/Fire      0%           38%         1
 Freeze                   Ice            0%           38%         1
 Magic Dart               Conj           0%           38%         1
 Sandblast                Erth           0%           38%         1
 Sting                    Tmut/Pois      0%           38%         1
 Call Imp                 Summ           0%           54%         2
 Corpse Rot               Necr/Air       N/A          54%         2
 Ensorcelled Hibernation  Hex/Ice        0%           54%         2
 Passwall                 Tmut/Erth      0%           54%         2
 Poisonous Vapours        Pois/Air       0%           54%         2
 Slow                     Hex            0%           54%         2
 Confusing Touch          Hex            0%           77%         3
 Conjure Flame            Conj/Fire      0%           77%         3
 Dazzling Flash           Conj/Hex       0%           77%         3
 Inner Flame              Hex/Fire       0%           77%         3
 Mephitic Cloud           Conj/Pois/Air  0%           77%         3
 Portal Projectile        Hex/Tloc       0%           77%         3
 Stone Arrow              Conj/Erth      0%           77%         3
 Tukima's Dance           Hex            0%           77%         3
 Cause Fear               Hex            0%           99%         4
 Dispel Undead            Necr           0%           99%         4
 Iskenderun's Mystic Bla  Conj/Tloc      0%           99%         4
 Leda's Liquefaction      Hex/Erth       0%           99%         4
 Petrify                  Tmut/Erth      0%           99%         4
 Agony                    Necr           0%           100%        5
 Bolt of Magma            Conj/Fire/Erth 0%           100%        5
 Excruciating Wounds      Necr           0%           100%        5
 Irradiate                Conj/Tmut      0%           100%        5
 Iskenderun's Battlesphe  Conj           0%           100%        5
 Lee's Rapid Deconstruct  Erth           0%           100%        5
 Lightning Bolt           Conj/Air       0%           100%        5
 Metabolic Englaciation   Hex/Ice        0%           100%        5
 Summon Forest            Summ/Tloc      0%           100%        5
 Freezing Cloud           Conj/Ice/Air   0%           100%        6
 Iron Shot                Conj/Erth      0%           100%        6
 Orb of Destruction       Conj           0%           100%        7
 Spellforged Servitor     Conj/Summ      0%           100%        7
 Chain Lightning          Conj/Air       0%           100%        8
 Discord                  Hex            0%           100%        8
 Disjunction              Tloc           0%           100%        8
 Lehudib's Crystal Spear  Conj/Erth      0%           100%        8
 Absolute Zero            Ice            0%           100%        9
 Fire Storm               Conj/Fire      0%           100%        9
 Sublimation of Blood     Necr           Unusable     N/A         2
 Statue Form              Tmut/Erth      Unusable     N/A         6

Dungeon Overview and Level Annotations

Branches:
Dungeon (15/15)            Temple (1/1) D:4            Lair (6/6) D:10
  Swamp (3/4) Lair:3       Spider (0/4) Lair:4        Slime (0/5) Lair:5
    Orc (0/2) D:12         Vaults (0/5) D:13         Depths (0/5) D:15
Gauntlet (visited)

Altars:
Ashenzari
Cheibriados
Dithmenos
Elyvilon
Fedhas
Gozag
Hepliaklqana
Kikubaaqudgha
Makhleb
Nemelex Xobeh
Okawaru
Qazlal
Ru
Sif Muna
Trog
Uskayaw
Vehumet
Wu Jian
Xom
Yredelemnul
Zin
The Shining One
Beogh
Jiyva

Shops:
D:4 (:==!   D:8 ?   D:13 [?[   D:15 !

Annotations:
Lair:2 exclusion: oklob plant


Innate Abilities, Weirdness & Mutations

You are resistant to torment.
Your stone body is resilient. (AC +12)
You are immune to poison.
Your large and strong wings let you fly indefinitely.
You resist negative energy. (rN+)
You are resistant to electric shocks. (rElec)
You can survive without breathing.
You are immune to petrification.
You are immune to miasma.


Message History

You pound the alligator like an anvil!!!
You kill the alligator!
The alligator barely misses you. The alligator closely misses you.
The swamp worm bites you but does no damage.
You block the spriggan rider's attack.
You bludgeon the swamp worm!!
The swamp worm is heavily wounded.
You block the alligator's attack.
The alligator tail-slaps you but does no damage.
The tyrant leech bites you.
* * * LOW HITPOINT WARNING * * *
The swamp worm barely misses you.
The spriggan rider completely misses you.
The alligator closely misses you. The alligator barely misses you.
You barely miss the swamp worm.
The swamp worm is heavily wounded.
The swamp worm bites you!
* * * LOW HITPOINT WARNING * * *
The tyrant leech bites you!!
You die...

♣♣.≈♣♣♣♣.≈ §≈≈≈≈≈≈..
♣♣♣§≈≈♣ ♣♣ .≈≈≈≈≈≈.≈
♣♣♣≈..≈♣♣♣♣ ≈≈
..≈≈≈≈..♣♣♣.....≈≈..♣ ..
.≈≈§.≈≈.≈♣≈..≈≈.♣...§♣.≈
≈≈≈≈≈≈..≈♣♣♣≈§≈..≈≈....≈
≈≈§≈≈≈≈.♣♣♣♣≈..≈≈≈≈....♣
≈≈≈≈≈≈≈≈♣....≈§≈≈≈≈.§.♣♣
≈≈≈≈≈≈≈@w≈≈.≈≈§.≈≈≈≈≈≈≈♣
≈≈≈≈§≈tiw..♣≈≈.♣.≈.≈≈≈♣.
§≈...≈≈w≈♣♣♣♣♣♣......♣♣≈
≈...≈≈..≈♣ ♣.≈≈≈♣♣♣≈
≈.≈≈≈≈.§♣♣ ≈§§≈♣ ♣.
≈.≈≈≈≈.≈. ≈≈♣♣ ♣♣
♣≈....≈♣≈ ♣♣ ♣ ♣.....♣ .
♣♣≈≈.


You could see an alligator (swift), 2 tyrant leeches, a spriggan rider and a
swamp worm (strong).

Vanquished Creatures
  Nikola (Swamp:1)
  Donald (Swamp:3)
  A thorn hunter (Swamp:3)
  Aizul (Swamp:3)
  The ghost of Xoff the Blocker, a journeyman GnFi of Okawaru (Lair:5)
  A minotaur (Gauntlet)
  3 bunyips (Swamp:2)
  Snorg (Lair:6)
  3 eleionomae
  2 great orbs of eyes (D:15)
  A rakshasa (D:14)
  2 vault guards (D:13)
  The ghost of bmj180 the Destroyer, a journeyman DrCj of Sif Muna (D:11)
  5 boulder beetles
  19 hydras
  4 centaur warriors
  2 ghost crabs
  A catoblepas (Lair:3)
  An ogre mage (D:14)
  4 alligators
  3 death yaks (Lair:5)
  2 tengu warriors
  8 two-headed ogres
  A deep elf knight (D:14)
  Urug (Lair:5)
  A skeletal warrior (D:14)
  3 slime creatures
  An unseen horror (D:10)
  3 spriggan druids
  3 goliath frogs
  A glowing orange brain (shapeshifter) (D:14)
  4 swamp dragons
  2 wizards (D:13)
  A bog body (Swamp:2)
  A necromancer (D:13)
  2 deep elf magi
  An orb spider (Lair:4)
  2 wolf spiders
  5 ugly things
  A moth of wrath (Gauntlet)
  3 will-o-the-wisps
  4 manticores
  3 cyclopes
  6 centaur zombies
  4 elephants (Lair:4)
  6 black mambas
  A naga mage (D:15)
  2 gargoyles
  16 cane toads
  2 rime drakes
  An efreet (D:15)
  A yaktaur (D:13)
  2 tengu conjurers
  10 komodo dragons
  A queen bee (shapeshifter) (D:15)
  13 hornets
  4 polar bears
  6 trolls
  Prince Ribbit (D:5)
  5 blink frogs (Lair:6)
  Grinder (D:4)
  8 tyrant leeches
  12 dream sheep (Lair:6)
  3 redbacks (Gauntlet)
  4 shadows
  11 wyverns
  3 meliai zombies
  20 spriggans
  A spriggan (shapeshifter) (D:14)
  23 humans
  9 basilisks
  31 yaks
  6 wraiths
  A steam dragon (D:10)
  22 vampire mosquitoes
  2 soldier ants
  6 swamp worms
  A hell hound (Lair:4)
  12 water moccasins
  A black bear (shapeshifter) (D:14)
  2 swamp drakes (Swamp:1)
  8 ice beasts
  3 phantoms
  6 black bears
  A hornet zombie (D:14)
  9 sky beasts
  2 necrophages
  10 orc warriors
  6 ogres
  2 eyes of draining
  5 boggarts (Lair:6)
  10 centaurs
  17 wolves (Lair:6)
  5 big kobolds
  17 bullfrogs
  A gnoll sergeant (D:9)
  A wyvern skeleton (D:8)
  7 scorpions
  13 killer bees
  2 howler monkeys
  13 wights
  An electric eel (Lair:1)
  A quasit (D:14)
  3 bullfrog zombies
  7 hounds
  2 jellies
  8 orc priests
  2 bullfrog skeletons
  8 centaur skeletons
  4 iguanas
  Ijyb (D:5)
  15 orc wizards
  9 hell rats
  Natasha (thrice) (D:2)
  11 worker ants
  A hound zombie (D:7)
  A hound skeleton (D:4)
  2 worker ant zombies
  11 gnolls
  12 adders
  2 shadow imps
  8 white imps
  2 ufetubi
  An ooze (D:2)
  3 adder skeletons
  6 worms
  4 dart slugs
  7 leopard geckos
  73 orcs
  6 bats
  9 giant cockroaches
  6 goblins
  8 hobgoblins
  16 jackals
  3 quokkas
  4 ball pythons
  6 frilled lizards
  16 kobolds
  2 quokka skeletons
  9 rats
  2 briar patches (Swamp:3)
804 creatures vanquished.

Vanquished Creatures (others)
  A bloated husk (Swamp:1)
  A swamp worm (Swamp:1)
  A hell rat (Lair:4)
  10 foxfires
  11 fungi
  10 plants
34 creatures vanquished.

Grand Total: 838 creatures vanquished

Notes
Turn   | Place    | Note
-------+----------+-------------------------------------------
     0 | D:1      | Borgoz the Gargoyle Gladiator began the quest for the Orb.
     0 | D:1      | Reached XP level 1. HP: 12/12 MP: 1/1
   148 | D:1      | Reached XP level 2. HP: 18/18 MP: 2/2
   355 | D:1      | Reached XP level 3. HP: 17/22 MP: 3/3
   592 | D:2      | Noticed Natasha
   603 | D:2      | Killed Natasha
   750 | D:2      | Reached skill level 3 in Fighting
   781 | D:2      | Reached XP level 4. HP: 27/28 MP: 4/4
   831 | D:2      | Noticed Natasha
   842 | D:2      | Killed Natasha
  1009 | D:1      | Reached XP level 5. HP: 27/32 MP: 5/5
  1372 | D:2      | You fall into a shaft and drop 2 floors!
  1390 | D:4      | Found Mucacvi's Weapon Boutique.
  1409 | D:3      | Noticed Grinder
  1421 | D:4      | Killed Grinder
  1422 | D:4      | Reached skill level 4 in Fighting
  1422 | D:4      | Reached XP level 6. HP: 21/38 MP: 6/6
  1460 | D:4      | Reached XP level 7. HP: 5/44 MP: 7/7
  2104 | D:2      | Noticed Natasha
  2113 | D:2      | Killed Natasha
  2442 | D:3      | Found an opulent altar of Gozag.
  2614 | D:4      | Found Vionegh's Book Shoppe.
  2634 | D:4      | Found Sapugaum's Jewellery Emporium.
  2680 | D:4      | Found Lekaon's Jewellery Shop.
  2684 | D:4      | Found Durgh's Distillery.
  2967 | D:4      | Found a staircase to the Ecumenical Temple.
  3017 | Temple   | Entered the Ecumenical Temple
  3139 | Temple   | Became a worshipper of the Shining One
  3184 | D:4      | Reached skill level 5 in Maces & Flails
  3422 | D:4      | Reached skill level 5 in Fighting
  3629 | D:5      | Entered Level 5 of the Dungeon
  3792 | D:5      | Noticed Prince Ribbit
  3799 | D:5      | Reached XP level 8. HP: 44/49 MP: 8/8
  3824 | D:5      | Killed Prince Ribbit
  4099 | D:5      | Reached skill level 6 in Fighting
  4099 | D:5      | Reached skill level 5 in Throwing
  4131 | D:5      | Noticed Ijyb
  4131 | D:5      | Paralysed by Ijyb for 6 turns
  4143 | D:5      | Killed Ijyb
  4345 | D:5      | Reached skill level 5 in Dodging
  4484 | D:6      | Reached * piety under the Shining One
  4538 | D:6      | Reached XP level 9. HP: 56/56 MP: 9/9
  5269 | D:7      | Noticed a troll
  5286 | D:7      | Killed a troll
  5287 | D:7      | Reached skill level 7 in Fighting
  5579 | D:7      | Reached skill level 1 in Armour
  6137 | D:8      | Found Jeneibru's Magic Scroll Boutique.
  6145 | D:8      | Bought a scroll of identify for 30 gold pieces
  6332 | D:8      | Reached XP level 10. HP: 63/64 MP: 10/10
  6428 | D:8      | Reached ** piety under the Shining One
  6472 | D:8      | Reached skill level 8 in Fighting
  6599 | D:8      | You fall into a shaft and drop 3 floors!
  6732 | D:10     | Entered Level 10 of the Dungeon
  6928 | D:9      | Noticed a two-headed ogre
  6935 | D:9      | Killed a two-headed ogre
  6936 | D:9      | Reached skill level 9 in Fighting
  6936 | D:9      | Reached skill level 5 in Armour
  7449 | D:8      | Noticed a boulder beetle
  7461 | D:8      | Reached XP level 11. HP: 33/71 MP: 11/11
  7479 | D:8      | Killed a boulder beetle
  7523 | D:8      | Reached *** piety under the Shining One
  7811 | D:8      | Noticed a two-headed ogre
  7820 | D:8      | Killed a two-headed ogre
  8529 | D:10     | Noticed a two-headed ogre
  8534 | D:10     | Killed a two-headed ogre
  8535 | D:10     | Reached skill level 1 in Invocations
  8696 | D:10     | Found a glowing golden altar of the Shining One.
  8805 | D:10     | Reached skill level 10 in Fighting
  9034 | D:10     | Found an iron altar of Okawaru.
  9110 | D:10     | Noticed a tengu warrior
  9130 | D:10     | Killed a tengu warrior
  9234 | D:10     | Found a staircase to the Lair.
  9389 | D:10     | Noticed an unseen horror
  9396 | D:10     | Killed an unseen horror
  9490 | D:11     | Noticed a cyan ugly thing
  9501 | D:11     | Killed a cyan ugly thing
  9569 | D:11     | Reached **** piety under the Shining One
  9673 | D:11     | Reached XP level 12. HP: 60/78 MP: 14/14
  9819 | D:11     | Found a large runed translucent door.
  9819 | D:11     | Found a large runed translucent door.
  9821 | D:11     | Noticed bmj180's ghost (journeyman DrCj)
 10147 | D:11     | Killed bmj180's ghost
 10148 | D:11     | Reached skill level 10 in Maces & Flails
 10644 | D:12     | Found a roughly hewn altar of Beogh.
 10646 | D:12     | Found a staircase to the Orcish Mines.
 11069 | D:13     | Reached skill level 11 in Fighting
 11083 | D:13     | Found Wojimuez's Armour Boutique.
 11095 | D:13     | Reached skill level 5 in Invocations
 11148 | D:13     | Found a gate leading to a gauntlet.
 11153 | Gauntlet | Entered a Gauntlet
 11153 | Gauntlet | Found a transporter.
 11153 | Gauntlet | Found a transporter.
 11153 | Gauntlet | Found a runed translucent door.
 11159 | Gauntlet | Found a transporter.
 11174 | Gauntlet | Found a transporter.
 11189 | Gauntlet | Found a transporter.
 11189 | Gauntlet | Found a transporter.
 11191 | Gauntlet | Found a transporter.
 11191 | Gauntlet | Found a transporter.
 11193 | Gauntlet | Found a transporter.
 11194 | Gauntlet | Noticed a death yak
 11194 | Gauntlet | Noticed a death yak
 11194 | Gauntlet | Noticed a death yak
 11203 | Gauntlet | Found a transporter.
 11216 | Gauntlet | Noticed a death yak
 11217 | Gauntlet | Noticed a death yak
 11218 | Gauntlet | Noticed a death yak
 11219 | Gauntlet | Found a transporter.
 11229 | Gauntlet | Found a transporter.
 11243 | Gauntlet | Found a transporter.
 11258 | Gauntlet | Reached ***** piety under the Shining One
 11263 | Gauntlet | Found a transporter.
 11270 | Gauntlet | Found a runed translucent door.
 11564 | Gauntlet | Noticed a minotaur
 11585 | Gauntlet | Killed a minotaur
 11631 | Gauntlet | Got an ancient granite ring
 11764 | D:13     | Found Qionaeso's Magic Scroll Shoppe.
 11768 | D:13     | Bought a scroll of identify for 26 gold pieces
 11768 | D:13     | Bought a scroll of identify for 26 gold pieces
 11768 | D:13     | Bought a scroll of identify for 26 gold pieces
 11781 | D:13     | Identified the ring "Peannenul" {Wiz +Inv} (You found it in
                  | a Gauntlet)
 11836 | D:13     | Found Ebuism's Antique Armour Shoppe.
 11839 | D:13     | Bought a jewelled chain mail for 313 gold pieces
 11849 | D:13     | Identified the +7 chain mail "Saor Nomae" {*Slow rF+++
                  | SInv} (You bought it in a shop on level 13 of the Dungeon)
 12010 | D:13     | Noticed a two-headed ogre
 12017 | D:13     | Killed a two-headed ogre
 12018 | D:13     | Reached XP level 13. HP: 66/84 MP: 16/16
 12631 | D:13     | Reached skill level 12 in Fighting
 12711 | D:13     | Reached skill level 10 in Armour
 12770 | D:13     | Found a gate to the Vaults.
 12770 | D:13     | Noticed a vault guard
 12770 | D:13     | Noticed a vault guard
 12788 | D:13     | Killed a vault guard
 12800 | D:13     | Paralysed by a wizard for 2 turns
 12807 | D:13     | Killed a vault guard
 12918 | D:14     | Reached skill level 10 in Dodging
 13050 | D:14     | Identified the Tome of Freezing Execration
 13621 | D:14     | Gained mutation: Your large and strong wings let you fly
                  | indefinitely. [Gargoyle growth]
 13621 | D:14     | Reached XP level 14. HP: 65/92 MP: 17/17
 13989 | D:14     | Reached skill level 13 in Fighting
 13998 | D:14     | Reached ****** piety under the Shining One
 14870 | D:15     | Entered Level 15 of the Dungeon
 15315 | D:15     | Noticed a dire elephant
 15534 | D:15     | Found Bueticso's Distillery.
 15555 | D:15     | Found a sacrificial altar of Ru.
 15764 | D:15     | Found a staircase to the Depths.
 16101 | Lair:1   | Entered Level 1 of the Lair of Beasts
 16874 | Lair:1   | Identified 2 scrolls of acquirement
 16875 | Lair:1   | Acquired a +2 great mace of protection
 16876 | Lair:1   | Acquired the amulet of Zeubealo {Reflect rF+ SH+5}
 17076 | Lair:2   | Reached XP level 15. HP: 60/100 MP: 18/18
 17541 | Lair:2   | Reached skill level 14 in Fighting
 18014 | Lair:3   | Identified the Guide on Arcane Weapons and Fire
 18774 | Lair:3   | Found a staircase to the Swamp.
 19017 | Lair:4   | Found a hole to the Spider Nest.
 19736 | Lair:5   | Noticed Urug
 19746 | Lair:5   | Killed Urug
 20015 | Lair:5   | Got a brightly glowing scale mail
 20026 | Lair:5   | Identified the cursed +0 scale mail "Goxkaec" {Rampage
                  | +Blink +Inv Int-4} (You found it on level 5 of the Lair of
                  | Beasts)
 20077 | Lair:5   | Found a large runed translucent door.
 20077 | Lair:5   | Found a large runed translucent door.
 20081 | Lair:5   | Noticed Xoff's ghost (journeyman GnFi)
 20530 | Lair:5   | Found a viscous altar of Jiyva.
 20531 | Lair:5   | Found a staircase to the Slime Pits.
 20704 | Lair:5   | Killed Xoff's ghost
 20747 | Lair:6   | Entered Level 6 of the Lair of Beasts
 20815 | Lair:6   | Noticed Snorg
 20841 | Lair:6   | Killed Snorg
 21216 | Lair:6   | Reached XP level 16. HP: 94/107 MP: 19/19
 21414 | Lair:6   | Reached skill level 15 in Fighting
 22393 | Swamp:1  | Entered Level 1 of the Swamp
 23209 | Swamp:2  | Noticed Nikola
 23235 | Swamp:1  | Killed Nikola
 23572 | Swamp:2  | Identified the +8 fustibalus of Nemelex Xobeh {vorpal,
                  | rElec rC+ Will- Dex+3}
 23683 | Swamp:2  | Identified the +7 mace of Responsibility {vorpal, rN++
                  | Dex-3}
 24309 | Swamp:3  | Noticed Aizul
 24326 | Swamp:3  | Killed Aizul
 24364 | Swamp:3  | Identified the Reference Book on Moulding and the Compass
 24373 | Swamp:2  | Learned a level 2 spell: Blink
 24381 | Swamp:3  | Noticed Donald
 24406 | Swamp:3  | Killed Donald
 24407 | Swamp:3  | Reached XP level 17. HP: 100/115 MP: 20/20
 24618 | Swamp:3  | HP: 5/115 [spriggan rider/+0 spear (4)]
 24630 | Swamp:3  | Slain by a tyrant leech

Illustrated notes

Levels and vault maps discovered:
D:1:      ebering_hopf_link, layout_rooms
D:2:      layout_basic, kennysheep_generic_room_3, uniq_natasha
D:3:      layout_rooms, lemuel_doored_altar, uniq_grinder
D:4:      layout_layer_cave, minmay_temple_entry_crystal_x, serial_shops, shop,
          shop_fountains, nicolae_shop_crystal, shop, shop
D:5:      layout_loops_cross, uniq_prince_ribbit1, uniq_ijyb
D:6:      layout_rooms
D:7:      minmay_opposing_rooms, layout_loops_ring
D:8:      layout_loops_corners, serial_shops, shop, minmay_ruffians
D:9:      layout_basic, ebering_dispersal_statue_hall, water_maze_lemuel
D:10:     layout_gridville, lair_entry_dummy, basic_altar,
          nicolae_tso_carved_into_rock
D:11:     layout_roguey, ebering_ghost_disaster_area
D:12:     layout_roguey, david_orc_5
D:13:     layout_roguey, grunt_vaults_entry_tiered, gauntlet_entry_generic,
          serial_shops, nicolae_shop_crystal, shop, shop
D:14:     minmay_spiral_squares, layout_layer_cave, dk_noncrumbling_4,
          kb_tengu_band
D:15:     hangedman_depths_entry_try_elsewhere_first, layout_stronghold,
          serial_shops, nicolae_shop_behind_doors, small_statue_intersection,
          nicolae_ru_awakened_eye
Temple:   compressed_dpeg_circular_temple
Lair:1:   layout_small_grid, st_stairs_8, fungi_pond_lemuel
Lair:2:   layout_cave_pods, minmay_lair_oklob_chamber, lemuel_fruit_tree,
          lemuel_fruit_fields
Lair:3:   layout_concentric_octagons, minmay_swamp_entry_worms,
          grunt_megastairs_4, lemuel_fruit_fields
Lair:4:   layout_loops_ring, nicolae_spider_entry_orb_guardian, special_room
          [special_room_mythical_zoo], st_stairs_5,
          eino_small_chamber_without_monster, lookout_lair_type
Lair:5:   layout_cave_pods, dpeg_slime_entry_enclosed_altar,
          ebering_ghost_disaster_area, lemuel_fruit_fields, uniq_urug
Lair:6:   minmay_lair_end_enchanted_forest, layout_cave_shapes, serial_rivers,
          chequers_serial_rivers_room_b, chequers_serial_rivers_marsh,
          chequers_serial_rivers_large_b, chequers_serial_rivers_micro_d,
          chequers_serial_rivers_large_a, uniq_snorg
Swamp:1:  layout_falls_marsh, serial_swamp_ruin, evilmike_swamp_ruin_house_5,
          hangedman_swamp_ruin_hall, evilmike_swamp_ruin_rubble_2
Swamp:2:  nzn_winding_woodlands_cross [nzn_winding_woodlands_5x15_split_checker,
          nzn_winding_woodlands_5x15_garden, nzn_winding_woodlands_5x15_parted,
          nzn_winding_woodlands_5x15_pockets,
          nzn_winding_woodlands_15x15_boxy_spiral], layout_falls_marsh,
          infiniplex_staircase_pool, uniq_nikola
Swamp:3:  layout_basic_swamp, evilmike_swamp_ruin_wall, uniq_aizul, uniq_donald

Skill      XL: |  1  2  3  4  5  6  7  8  9 10 11 12 13 14 15 16 |
---------------+-------------------------------------------------+-----
Throwing       | 2 3 4 5 6 |  6.0
Fighting       | 3 4 5 6 7 9 10 11 12 13 14 15 | 15.9
Dodging        | 3 4 5 6 7 8 9 10 11 12 | 12.8
Maces & Flails | 4 5 6 7 8 9 10 12 13 14 | 14.9
Armour         | 2 5 7 9 10 12 13 14 | 14.6
Invocations    | 3 5 |  5.0

Action                   |  1- 3 |  4- 6 |  7- 9 | 10-12 | 13-15 | 16-18 || total
-------------------------+-------+-------+-------+-------+-------+-------++-------
Melee: Flail             |    13 |    91 |   471 |   512 |       |       ||  1087
       Mace              |    65 |    55 |       |       |       |       ||   120
       Dire flail        |       |       |       |   433 |  1021 |       ||  1454
       Great mace        |       |       |       |       |   523 |   601 ||  1124
Throw: Throwing net      |       |       |       |     2 |       |       ||     2
 Abil: Fly               |       |       |       |       |     1 |       ||     1
Evoke: Wand              |       |       |       |       |     1 |       ||     1
  Use: Scroll            |       |       |     6 |    13 |    13 |     3 ||    35
       Potion            |       |       |       |     3 |     3 |     3 ||     9
Armor: Leather armour    |    40 |    57 |    21 |       |       |       ||   118
       Scale mail        |       |       |   209 |       |       |       ||   209
       Troll leather arm |       |       |    54 |   497 |   752 |   341 ||  1644
Dodge: Dodged            |    66 |   116 |   357 |   864 |  1792 |   886 ||  4081
Block: Other             |       |       |       |       |   212 |   172 ||   384
       Reflection        |       |       |       |       |       |     1 ||     1

Table legend: (Time is in decaauts)
 A = Elapsed time spent in this place.
 B = Non-inter-level travel time spent in this place.
 C = Inter-level travel time spent in this place.
 D = Time resting spent in this place.
 E = Time spent auto-exploring this place.
 F = Levels seen in this place.
 G = Mean time per level.
                   A        B        C        D        E       F      G
               +--------+--------+--------+--------+--------+-----+--------+
         Total |  24366 |  23220 |   1146 |   2937 |  14479 |  26 |  937.2 |
       Dungeon |  15369 |  14729 |    640 |   2065 |   8862 |  15 | 1024.6 |
        Temple |    131 |     93 |     38 |      0 |     92 |   1 |  131.0 |
          Lair |   6117 |   5715 |    402 |    304 |   4246 |   6 | 1019.5 |
         Swamp |   2236 |   2170 |     66 |    490 |   1069 |   3 |  745.3 |
      Gauntlet |    510 |    510 |      0 |     77 |    210 |   1 |  510.0 |
               +--------+--------+--------+--------+--------+-----+--------+

Top non-repeatable levels by time:
    D:14: 1875 daAuts
     D:4: 1414 daAuts
    D:13: 1239 daAuts
  Lair:6: 1234 daAuts
     D:8: 1181 daAuts
     D:9: 1148 daAuts
    D:10: 1102 daAuts
    D:15: 1075 daAuts
  Lair:2: 1063 daAuts
  Lair:5: 1018 daAuts
  Lair:3: 993 daAuts
 Swamp:2: 980 daAuts
     D:7: 962 daAuts
  Lair:1: 915 daAuts
 Swamp:1: 900 daAuts
